cohdb
Replays
Latest Replays
All Replays
Popular Replays
Top Player Replays
Match Explorer
How It Works
Community
CoH3 Stats
Reddit
Sign in to upload your games and track your stats! →
Sign in with Steam
Match 44790700
Unlisted
Match 44790700
Overview
Messages
Build Orders
End
Scout Squad
Selects Special Operations Battlegroup
Selects M29 Weasel Recon Vehicle
M29 Weasel Recon Vehicle
Construct Weapon Support Center
M1919 Machine Gun Team
M1919 Machine Gun Team
Mechanized Support Center
M3 Armored Personnel Carrier
Selects Raiding Flares
Engineer Squad
Bazooka Squad
Selects SSF Commando Squad
SSF Commando Squad
Designate Forward Repair Station
SSF Commando Squad
SSF Commando Squad
Construct Motor Pool
Selects Air Re-supply Operation
Construct Tank Depot
Air Re-Supply Operation
Raiding Flares
Stormless
Grunka Lunka
banstyle
ProxxX
0
0
Comments
sign in to comment!
No comments posted yet!